Map: Oblivion Express

Players

Lawks

  • Race: Terran Terran
  • Spawn Location: 0:00

NamroodTuo

  • Race: Zerg Zerg

VOD

Have the link to the VOD?

Description

Time

  • Played on: March 25, 2023, 6:35 a.m.
  • Length: 24:01
Show
View Real Time Build Order
Export as new Build Order

Lawks Terran 

Build Orders:  

Get SALT Encoding   

  12  0:03  SCV  
  13  0:20  SCV  
  13  0:25  Supply Depot  
  14  0:37  SCV  
  15  0:55  SCV  
  16  1:02  Barracks  
  16  1:12  SCV  
  17  1:29  SCV  
  18  1:30  Supply Depot  
  18  1:43  Marine  
  18  1:46  SCV  
  20  1:55  Marine  
  21  2:04  SCV  
  21  2:08  Marine  
  23  2:21  SCV  
  23  2:26  Supply Depot  
  23  2:29  Marine, Refinery  
  24  2:32  Refinery  
  24  2:37  SCV  
  24  2:39  Marine  
  27  2:50  Marine  
  27  2:54  SCV  
  27  2:58  Engineering Bay  
  27  2:59  Supply Depot  
  29  3:04  Marine  
  30  3:11  SCV  
  30  3:15  Marine  
  32  3:28  SCV  
  33  3:32  Marine, Supply Depot  
  34  3:45  Marine  
  34  3:47  SCV  
  36  3:55  Terran Infantry Armor Level 1  
  36  4:04  SCV  
  36  4:07  Supply Depot  
  37  4:18  Marine  
  37  4:22  SCV  
  39  5:00  SCV  
  39  5:01  Marine  
  41  5:15  Barracks  
  41  5:26  Command Center  
  41  5:27  Unknown  
  41  5:29  Barracks Tech Lab  
  41  5:30  SCV  
  42  5:47  SCV  
  42  5:48  Supply Depot  
  43  6:07  SCV  
  44  6:16  Marine x2  
  46  6:21  Supply Depot  
  46  6:24  SCV  
  47  6:34  Barracks Reactor  
  47  6:35  Unknown  
  47  6:41  SCV  
  48  6:53  Supply Depot  
  48  6:59  SCV  
  49  7:04  Terran Infantry Weapons Level 1  
  49  7:14  Factory  
  49  7:17  Unknown  
  49  7:19  SCV x2  
  51  7:22  Medic  
  51  7:23  Marine  
  51  7:25  Supply Depot  
  54  7:32  Medic  
  54  7:37  SCV x2  
  58  7:55  Orbital Command x2  
  58  7:57  Marine x2  
  60  8:14  Supply Depot  
  60  8:22  Armory  
  60  8:24  Marine  
  60  8:25  Marine, Medic  
  64  8:39  Stabilizer Medpacks  
  64  8:42  Marine x2, SCV x2  
  64  8:43  Marine  
  69  9:15  Marine x3  
  72  9:27  SCV x2  
  74  9:32  Supply Depot  
  74  9:35  Marine x3  
  77  9:55  Terran Infantry Armor Level 2  
  77  9:58  Barracks x2  
  77  10:03  Barracks  
  77  10:08  SCV x2  
  79  10:10  Marine  
  79  10:11  Marine, Medic  
  83  10:25  SCV x2  
  85  10:33  Barracks Reactor x2  
  84  10:42  Barracks Tech Lab  
  83  10:52  Refinery  
  83  11:00  Supply Depot  
  83  11:07  Marine x2, Supply Depot  
  83  11:08  Marine  
  83  11:09  Marine  
  83  11:18  SCV  
  87  11:35  SCV  
  87  11:52  SCV  
  87  11:53  Marine x2  
  87  11:54  Marine x4  
  87  11:55  Medic x2  
  97  12:15  Marine  
  97  12:16  Marine x5  
  101  12:29  Supply Depot  
  101  12:32  Marine, Supply Depot  
  101  12:33  Marine x5  
  101  12:35  Marine x2  
  109  12:51  Marine x2  
  109  12:52  Marine x4  
  109  12:53  Medic x2  
  119  13:04  Supply Depot  
  119  13:05  Unknown  
  119  13:14  Marine x5  
  119  13:15  Medic x2  
  126  13:24  Marine x4  
  126  13:25  Marine x2  
  130  13:51  Bunker  
  130  13:54  Missile Turret  
  130  14:04  Marine x2  
  130  14:05  Marine x6  
  130  14:09  Bunker, Missile Turret  
  138  14:20  Marine x3  
  138  14:21  Marine x2  
  131  14:46  Marine x2  
  131  14:47  Marine x3  
  131  14:48  Marine x2  
  131  14:49  Marine  
  132  14:56  Marine  
  132  14:57  Marine x3  
  135  15:04  Marine  
  135  15:05  Marine x3  
  135  15:06  Marine  
  135  15:07  Marine x3  
  138  15:25  Bunker, Missile Turret  
  137  15:37  Medic x2  
  137  15:38  Marine x4  
  137  15:39  Supply Depot  
  136  15:41  Supply Depot  
  136  15:47  Medic  
  143  15:51  Marine x3  
  143  15:52  Marine x4  
  143  15:58  Marine  
  149  16:04  Marine x2  
  149  16:05  Marine x3  
  152  16:26  Marine x5  
  150  16:37  Terran Infantry Weapons Level 2  
  150  16:39  Marine  
  101  16:40  Marine x5  
  146  16:41  Medic x2  
  154  16:51  Medic x2  
  155  17:01  Medic x2  
  151  17:11  Marine x3, Medic  
  151  17:12  Medic  
  151  17:19  Marine x3  
  157  17:21  Marine x2, Medic  
  157  17:22  Marine, Medic  
  157  17:29  Marine x2  
  163  17:32  Medic x2  
  157  17:42  Medic  
  157  17:44  Marine, Medic  
  157  17:45  Marine x4  
  157  17:46  Marine  
  159  17:52  Medic  
  159  17:54  Medic  
  155  18:00  Marine  
  155  18:01  Marine x5  
  155  18:02  Medic  
  155  18:05  Marine  
  159  18:11  Marine x3  
  159  18:13  Marine x4  
  160  18:26  Marine x4  
  160  18:27  Marine x2  
  161  18:45  Medic  
  161  18:46  Medic  
  165  18:56  Medic x2  
  168  19:06  Supply Depot  
  168  19:08  Supply Depot  
  168  19:09  Supply Depot  
  168  19:11  Supply Depot  
  167  19:31  Marine x5  
  167  19:32  Marine  
  172  19:46  Marine  
  172  19:47  Marine x2, Terran Infantry Armor Level 3  
  173  19:56  Marine x4  
  173  19:57  Marine x4  
  180  20:06  Marine x2  
  180  20:07  Marine x2  
  186  20:19  Marine x2  
  186  20:20  Marine x4  
  192  21:21  Marine  
  192  21:22  Marine x5  
  196  22:09  Marine x4  
  196  22:36  Marine x4  
  196  22:37  Marine x4  
  185  22:46  Marine  
  185  22:47  Marine x7  
  188  22:56  Marine  
  188  22:57  Marine x7  
  200  23:27  Unknown  
Show
View Real Time Build Order
Export as new Build Order

NamroodTuo Zerg 

Build Orders:  

Get SALT Encoding   

  12  0:14  Overlord  
  12  0:19  Infested SCV  
  13  0:25  Infested SCV  
  14  0:32  Infested SCV  
  14  0:39  Infested SCV  
  16  0:58  Infested Barracks  
  16  1:00  Infested SCV  
  17  1:17  Infested SCV  
  18  1:23  Infested SCV  
  19  1:39  Infested SCV  
  20  1:52  Infested Refinery  
  20  2:14  Infested SCV  
  20  2:15  Infested SCV  
  22  2:27  Infested SCV  
  23  2:31  Infested Engineering Bay  
  23  2:50  Overlord  
  23  2:54  Infestation Level 1  
  23  3:07  Overlord  
  23  3:39  Infested Refinery  
  23  3:55  Infested SCV  
  24  4:06  Infested Factory  
  24  4:09  Overlord  
  24  4:10  Infested SCV  
  24  4:11  Infested SCV  
  26  4:23  Infested SCV  
  27  4:55  Anaerobic Enhancement  
  27  5:02  Infested SCV  
  27  5:03  Infested SCV  
  27  5:09  Infested Factory Tech Lab  
  29  5:26  Unknown  
  29  5:34  Infested Marine x2  
  29  5:35  Infested Marine x16  
  29  5:37  Infested Command Center  
  47  5:59  Infestation Level 2  
  47  6:03  Saturated Cultures  
  47  6:22  Overlord x4  
  47  6:23  Overlord  
  51  6:50  Infested Bunker  
  51  6:55  Regenerative Plating  
  51  7:03  Automated Mitosis  
  51  7:05  Infested SCV x2  
  52  7:15  Infested Factory  
  52  7:19  Infested SCV  
  36  7:55  Infested Bunker  
  36  7:57  Infested SCV  
  41  8:04  Infested SCV x2  
  41  8:07  Infested SCV  
  44  8:11  Infested SCV  
  44  8:19  Infested Factory Tech Lab  
  45  8:38  Infested Armory  
  45  9:05  Infested Siege Tank x2  
  51  9:19  Infested Bunker  
  59  9:54  Overlord  
  59  9:55  Overlord  
  59  10:01  Infested SCV x2  
  59  10:04  Infested SCV  
  62  10:21  Infested Bunker  
  62  10:31  Infested SCV x3  
  62  10:33  Infested SCV  
  66  10:45  Infested Siege Tank x2  
  72  10:50  Stukov Vehicle and Ship Weapons Level 1  
  72  10:54  Caustic Mucus  
  72  11:14  Infested Siege Tank  
  75  12:01  Infested Siege Tank  
  75  12:02  Infested Diamondback  
  81  12:29  Infested Siege Tank  
  84  12:57  Infested Siege Tank  
  83  13:09  Infested Bunker  
  87  13:14  Infested SCV x2  
  87  13:15  Infested SCV x3  
  92  13:23  Infested Refinery  
  92  13:28  Infested Refinery  
  96  14:01  Infested Bunker  
  96  14:12  Infested Siege Tank x3  
  105  15:24  Infested Siege Tank x3  
  111  15:37  Infested SCV x3  
  111  15:38  Infested SCV  
  115  15:46  Infested SCV  
  115  15:48  Aggressive Incubation  
  113  15:54  Infested Siege Tank  
  110  16:16  Infested Siege Tank  
  110  16:17  Infested Diamondback  
  116  16:39  Overlord x2  
  116  16:40  Overlord x4  
  116  16:41  Overlord  
  116  16:54  Overseer  
  116  16:55  Overseer x4  
  116  18:04  Infested Siege Tank  
  116  18:05  Infested Siege Tank x2, Infested Diamondback x3  
  131  18:39  Infested Siege Tank, Infested Diamondback  
  137  18:45  Calcified Armor  
  134  19:20  Infestation Level 3  
  133  21:05  Infested Siege Tank  
  133  21:06  Infested Siege Tank x3, Infested Diamondback x3  
  133  21:07  Infested Siege Tank, Infested Diamondback  
  160  21:20  Broodling Gestation  
  147  22:02  Infested Siege Tank x2, Infested Diamondback  
  147  22:03  Infested Diamondback  
  147  22:04  Infested Diamondback  
  162  22:15  Overlord x2  
  162  22:16  Overlord x5  
  162  22:17  Overlord x3  
Tags
 
Commander
RaynorStukov
Matchup
Co-op
Replay Pack
Multiplayer
Add a new tag
Caveats
  • Supply blocks, unpowered buildings, or Contaminate may cause inaccurate times.
  • Supply counts are checked every 10 seconds.